 Dungeon Crawl Stone Soup version 0.22.0-38-g04b72b8 (webtiles) character file.

173 ssg the Changer (level 5, -1/35 HPs)
             Began as an Octopode Transmuter on Aug 27, 2018.
             Slain by a jackal (2 damage)
             ... on level 3 of the Dungeon.
             The game lasted 00:03:17 (2539 turns).

ssg the Changer (Octopode Transmuter)               Turns: 2539, Time: 00:03:18

Health: -1/35      AC:  1    Str: 10    XL:     5   Next: 53%
Magic:  7/8        EV: 13    Int: 16    God:
Gold:   116        SH:  0    Dex: 12    Spells: 5/8 levels left

rFire    . . .     SeeInvis .     - Unarmed
rCold    . . .     Gourm    .   (no shield)
rNeg     . . .     Faith    .   (helmet restricted)
rPois    .         Spirit   .   (no amulet)
rElec    .         Reflect  .   (no ring)
rCorr    .         Harm     .   (no ring)
MR       .....                  (no ring)
Stlth    ++........             (no ring)
HPRegen  0.11/turn              (no ring)
MPRegen  0.11/turn              (no ring)
                                (no ring)
                                (no ring)

@: appendage
A: almost no armour, stealthy swim, amphibious, 8 rings, constrict 8, tentacle
spike 3, camouflage 1, gelatinous body 1
a: End Transformation


You were on level 3 of the Dungeon.
You were not hungry.
One of your tentacles had a temporary spike.
You visited 1 branch of the dungeon, and saw 3 of its levels.

You collected 116 gold pieces.

Inventory:

Missiles
 a - 32 arrows
Scrolls
 b - a scroll of amnesia
 d - a scroll of teleportation {unknown}
 g - 2 scrolls of enchant armour {unknown}
Potions
 e - 3 potions of flight
 f - a potion of brilliance
 h - a potion of berserk rage {unknown}
 i - a potion of lignification {unknown}
Comestibles
 c - 4 rations


   Skills:
 + Level 2.6 Fighting
 - Level 2.0 Dodging
 + Level 3.9 Unarmed Combat
 - Level 2.0 Spellcasting
 * Level 4.1 Transmutations


You had 5 spell levels left.
You knew the following spells:

 Your Spells              Type           Power        Failure   Level  Hunger
a - Beastly Appendage     Tmut           ##....       3%          1    #......
b - Sticks to Snakes      Tmut           ##......     5%          2    ###....

Your spell library contained the following spells:

 Spells                   Type           Power        Failure   Level  Hunger
 Spider Form              Tmut/Pois      #.........   26%         3    ###....
 Ice Form                 Ice/Tmut       #.......     65%         4    #####..
 Blade Hands              Tmut           ##........   71%         5    ######.


Dungeon Overview and Level Annotations

Branches:
Dungeon (3/15)

Altars:
Gozag

Annotations:
D:3 Ijyb


Innate Abilities, Weirdness & Mutations

You cannot wear most types of armour.
You are very stealthy in the water. (Stealth+)
You are amphibious.
You can wear up to eight rings at the same time.
You can use your tentacles to constrict eight enemies at once.
Your skin changes colour to match your surroundings (Stealth+).
Your rubbery body absorbs attacks. (AC +1, EV +1)
One of your tentacles bears a large vicious spike.


Message History

Ijyb zaps a wand.
The bolt of acid hits you!
You are splashed with acid!
The acid burns!
* * * LOW HITPOINT WARNING * * *
It is a wand of acid (5).
The jackal bites you.
* * * LOW HITPOINT WARNING * * *
You are too injured to fight recklessly!
You are too injured to fight recklessly!
Ijyb zaps a wand.
The bolt of acid misses you. The jackal bites you.
* * * LOW HITPOINT WARNING * * *
The jackal closely misses you.
Okay, then.
The jackal bites you.
* * * LOW HITPOINT WARNING * * *
The jackal closely misses you.
Casting: Beastly Appendage (safe; 3% risk of failure)
Confirm with . or Enter, or press ? or * to list all spells.
One of your tentacles grows a vicious spike.
The jackal bites you.
You die...

# # . .# .###.#
...#.#### ........
.....#
.#.#####################
...........g..hh@.......
##.#####################
##.# ...# ####
##########
#######........#
.).............#
....)..........###### .#
....(†..............##.#


You could see Ijyb and 2 jackals.

Vanquished Creatures
  An orc priest (D:3)
  Jessica (D:2)
  A hound skeleton (D:3)
  3 gnolls (D:2)
  An adder (D:3)
  A dart slug (D:1)
  8 orcs (D:3)
  8 bats
  4 giant cockroaches
  8 goblins
  5 hobgoblins
  2 jackals (D:3)
  4 kobolds
  2 quokkas (D:3)
  4 frilled lizards
  6 rats
59 creatures vanquished.

Notes
Turn   | Place    | Note
-------+----------+-------------------------------------------
     0 | D:1      | ssg the Octopode Transmuter began the quest for the Orb.
     0 | D:1      | Reached XP level 1. HP: 13/13 MP: 3/3
   115 | D:1      | Reached XP level 2. HP: 11/18 MP: 5/5
   336 | D:1      | Learned a level 2 spell: Sticks to Snakes
   774 | D:1      | Reached XP level 3. HP: 23/23 MP: 6/6
  1228 | D:2      | Reached skill level 3 in Transmutations
  1264 | D:2      | Found an opulent altar of Gozag.
  1272 | D:2      | Reached XP level 4. HP: 8/29 MP: 3/7
  1391 | D:2      | Noticed Jessica
  1731 | D:2      | Killed Jessica
  2180 | D:3      | Reached XP level 5. HP: 18/35 MP: 8/8
  2276 | D:3      | Reached skill level 4 in Transmutations
  2522 | D:3      | Noticed Ijyb
  2535 | D:3      | HP: 1/35 [jackal (3)]
  2539 | D:3      | Slain by a jackal

Skill      XL: |  1  2  3  4  5 |
---------------+----------------+-----
Transmutations | 3 4 |  4.1
Fighting       | 2 |  2.6
Dodging        | |  2.0
Unarmed Combat | |  3.9
Spellcasting   | |  2.0

Action                   |  1- 3 |  4- 6 || total
-------------------------+-------+-------++-------
Melee: Unarmed           |    60 |    88 ||   148
       Constrict         |    17 |    21 ||    38
       Tentacles         |    11 |    15 ||    26
       Kick              |     3 |     9 ||    12
       Punch             |       |     2 ||     2
 Cast: Beastly Appendage |     2 |     5 ||     7
       Sticks to Snakes  |     1 |       ||     1
  Use: Scroll            |     3 |       ||     3
 Stab: Sleeping          |     2 |     2 ||     4
  Eat: Chunk             |       |     5 ||     5
Armor: Skin              |     3 |    18 ||    21
Dodge: Dodged            |    35 |    77 ||   112
